 Dungeon Crawl Stone Soup version 0.31-a0-799-g6bc09d010c (webtiles) character file.

Game seed: 6692957727424473920

65 Bravepunisher the Ducker (level 3, -1/19 (30) HPs)
             Began as a Spriggan Monk on Sept 19, 2023.
             Slain by an orc
             ... wielding a +0 mace
              (4 damage)
             ... on level 7 of the Dungeon.
             The game lasted 00:03:53 (978 turns).

Bravepunisher the Ducker (Spriggan Monk)             Turns: 978, Time: 00:03:53

HP:   -1/19 (30)    AC: 32    Str:  6 (7)  XL:     3   Next: 94%
MP:   4/4           EV:  4    Int:  9 (11) God:
Gold: 111           SH:  0    Dex: 18 (19) Spells: 2/2 levels left

rFire   . . .        g - +10 short sword of Greatest Utility {protect, rC+}
rCold   + . .        d - orb {light}
rNeg    . . .        b - melded +0 robe
rPois   +            (helmet currently unavailable)
rElec   .            (cloak currently unavailable)
rCorr   .            (gloves unavailable)
SInv    +            (boots unavailable)
Will    .....        (no amulet)
Stlth   +            i - +4 ring of protection
HPRegen 0.23/turn    (no ring)
MPRegen 0.09/turn

%: no passive effects
@: confused, tree-form, under a protective aura, glowing, very heavily drained,
invisible (but backlit and visible)
A: stationary, stasis, torment immunity, boosted hp, very small, no large
weapons, unfitting armour, see invisible, (speed 3)
a: no special abilities


You were on level 7 of the Dungeon.
You were a tree.
You visited 1 branch of the dungeon, and saw 7 of its levels.

You collected 111 gold pieces.

Inventory:

Hand Weapons
 a - a +0 short sword
 g - the +10 short sword of Greatest Utility (weapon) {protect, rC+}
   (You found it on level 7 of the Dungeon)

   rC+:       It protects you from cold.
Armour
 b - a +0 robe (melded)
 d - an orb of light (worn)
Jewellery
 i - a +4 ring of protection (left branch)
Scrolls
 e - a scroll of identify {unknown}
 f - a scroll of enchant weapon {unknown}
 j - a scroll of blinking {unknown}


   Skills:
 * Level 3.5 Fighting
 - Level 3.2 Short Blades
 + Level 4.9 Dodging


You had 2 spell levels left.
You didn't know any spells.
Your spell library contained the following spells:

 Spells                   Type           Power      Damage    Failure   Level
 Blink                    Tloc           0%         N/A       52%         2
 Manifold Assault         Tloc           0%         N/A       99%         4
 Summon Ice Beast         Ice/Summ       0%         N/A       99%         4
 Summon Mana Viper        Hex/Summ       0%         N/A       100%        5
 Monstrous Menagerie      Summ           0%         N/A       100%        7


Dungeon Overview and Level Annotations

Branches:
Dungeon (7/15)
 Temple: D:4-7

Altars:
Trog
Uskayaw

Shops:
D:5 [

Annotations:
D:7 Jeremiah


Innate Abilities, Weirdness & Mutations

You are a tree.
Your roots penetrate the ground, keeping you stationary.
You cannot be teleported.
You are immune to unholy pain and torment.
Your maximum health is greatly increased.
Your equipment is partially melded.
You are very small and have problems with some larger weapons.
You are too small for most types of armour.
You have supernaturally acute eyesight. (SInv)
((You cover ground extremely quickly. (Speed+++)))


Message History

You feel drained.
* * * LOW HITPOINT WARNING * * *
Unknown command.
You aren't carrying any potions.
Okay, then.
You are too confused!
You cannot move. (Use ctrl+direction or * direction to attack while stationary and confused.) Unknown command.
You cannot move. (Use ctrl+direction or * direction to attack while stationary and confused.)
You cannot move. (Use ctrl+direction or * direction to attack while stationary and confused.)
You hit the hound.
Your weapon exudes an aura of protection.
The hound is lightly wounded.
The hound completely misses you. Jeremiah hits you but does no damage.
You feel drained. The orc hits you with a +0 mace.
* * * LOW HITPOINT WARNING * * *
The orc wizard hits you but does no damage.
The orc wizard points at you and mumbles some strange words.
You resist with some effort.
You hit the wight.
The wight is moderately damaged.
The hound bites you but does no damage. The wight hits you but does no damage.
The hound bites you but does no damage. Jeremiah completely misses you.
The orc wizard points at you and mumbles some strange words.
The magic dart hits you but does no damage.
The orc hits you but does no damage.
You attack the rock wall.
The orc wizard hits you but does no damage.
The wight barely misses you. The hound barely misses you.
Unknown command.
You attack the rock wall.
Jeremiah hits you but does no damage.
You feel drained. The hound bites you but does no damage.
The orc hits you but does no damage.
The orc wizard hits you but does no damage. x2
The wight hits you but does no damage.
You cannot move. (Use ctrl+direction or * direction to attack while stationary and confused.)
You attack the rock wall.
The hound bites you but does no damage. Jeremiah hits you but does no damage.
You feel drained. The orc hits you with a +0 mace.
You die...

..............#
..............#
#..........#
#....$.....#
#.....######
#.....###########
##..F...........#
#ozooo......[..#
#zo♣hz.........#
#F##############
#.#### ###...#
#....# #.....#
#....# #.....#######
#....###..≈..#......
#.#....#..§.##.###..
#.#.##.#..≈.........
..#....#..≈.#.......


You could see Jeremiah, a bullfrog, a hound, 3 wights, 2 orc wizards and 3 orcs.

Vanquished Creatures
  A hound (D:7)
  An adder (D:4)
  A dart slug (D:1)
  An orc (D:6)
  3 ball pythons
  An endoplasm (D:1)
  A giant cockroach (D:4)
  4 goblins
  A hobgoblin (D:3)
  2 frilled lizards (D:1)
  5 kobolds
  2 rats (D:1)
23 creatures vanquished.

Notes
Turn   | Place    | Note
-------+----------+-------------------------------------------
     0 | D:1      | Bravepunisher the Spriggan Monk began the quest for the
                  | Orb.
     0 | D:1      | Reached XP level 1. HP: 11/11 MP: 2/2
   131 | D:1      | Reached XP level 2. HP: 13/16 MP: 3/3
   430 | D:3      | Found a hide-covered altar of Uskayaw.
   572 | D:4      | Reached XP level 3. HP: 19/20 MP: 4/4
   616 | D:5      | Entered Level 5 of the Dungeon
   622 | D:5      | Noticed an ice beast
   691 | D:4      | Noticed a scorpion
   696 | D:4      | Noticed a scorpion
   740 | D:5      | Noticed a scorpion
   751 | D:5      | Noticed an ogre
   754 | D:5      | Found Meigh's Antique Armour Emporium.
   759 | D:5      | Noticed an ogre
   788 | D:7      | Noticed a phantom
   843 | D:6      | Noticed a wight
   886 | D:7      | Found a bloodstained altar of Trog.
   927 | D:7      | Noticed Jeremiah
   948 | D:7      | Noticed a wight
   949 | D:7      | Noticed a wight
   949 | D:7      | Noticed a wight
   951 | D:7      | Identified the +10 short sword of Greatest Utility
                  | {protect, rC+}
   956 | D:7      | Noticed a bullfrog
   978 | D:7      | Slain by an orc

Illustrated notes

Levels and vault maps discovered:
D:1:      onia_arrival_pyramid, layout_basic,
          amcnicky_mini_rare_corridor_liquid, minmay_tromino_v4_a
D:2:      layout_rooms
D:3:      layout_basic, old_standard_altar, mainiacjoe_overflow_cross_hatched,
          portal_sewer_entry_a, serial_shops, shop, roderic_batcave, uniq_robin
D:4:      layout_basic, xom_confusion_cloud, amethyst_overflow_temple_binary,
          gammafunk_ghost_grave
D:5:      layout_cave_pools, serial_shops, shop, chequers_serial_rivers_small_b
D:6:      layout_basic, minmay_temple_entry_enclosed_plants, uniq_blork_the_orc,
          uniq_pikel
D:7:      layout_basic, mainiacjoe_overflow_boulevard, cheibriados_altar_2,
          serial_corexii_hall, corexii_hall_statues_l,
          chequers_hall_statues_wall_a, nicolae_elemental_shop, uniq_jeremiah

Skill      XL: |  1  2 |
---------------+-------+-----
Fighting       | 3 |  3.5
Short Blades   | |  3.2
Dodging        | |  4.9

Action                     || total
---------------------------++-------
  Melee: Short sword       ||    86
    Use: Potion            ||     5
 Armour: Robe              ||    34
         Skin              ||    30
  Dodge: Dodged            ||   124

Table legend: (Time is in decaauts)
 A = Elapsed time spent in this place.
 B = Non-inter-level travel time spent in this place.
 C = Inter-level travel time spent in this place.
 D = Time resting spent in this place.
 E = Time spent auto-exploring this place.
 F = Levels seen in this place.
 G = Mean time per level.
                   A        B        C        D        E       F      G
               +--------+--------+--------+--------+--------+-----+--------+
         Total |    659 |    659 |      0 |      0 |    292 |   7 |   94.1 |
       Dungeon |    659 |    659 |      0 |      0 |    292 |   7 |   94.1 |
               +--------+--------+--------+--------+--------+-----+--------+

Top non-repeatable levels by time:
     D:1: 234 daAuts
     D:4: 119 daAuts
     D:3: 90 daAuts
     D:7: 83 daAuts
     D:6: 54 daAuts
     D:2: 43 daAuts
     D:5: 33 daAuts
